 Dungeon Sprint DCSS version bcrawl-1.18 (webtiles) character file.

Game seed: 5328577445526404231

18515 Freyura the Bludgeoner (level 12, -7/105 HPs)
             Began as a Formicid Fighter on Nov 3, 2019.
             Was the Champion of Makhleb.
             Killed from afar by an efreet (20 damage)
             ... with a fireball
             ... in the Dungeon (Sprint V: "Ziggurat Sprint").
             The game lasted 00:20:23 (739 turns).

Freyura the Bludgeoner (Formicid Fighter)            Turns: 739, Time: 00:20:23

Health: -7/105     AC: 33    Str: 27    XL:     12   Next: 96%
Magic:  22/22      EV: 19    Int:  8    God:    Makhleb [******]
Gold:   0          SH: 32    Dex: 20    Spells: 11/11 levels left

rFire    . . .     SeeInvis +   H - +10 dark maul {crush}
rCold    + . .     Gourm    .   J - +18 shield of the Gong {rElec rN+ MR+ EV-5}
rNeg     + . .     Faith    .   I - +15 Maxwell's patent armour {-Cast -Tele rElec MR+ rCorr}
rPois    .         Spirit   .   (helmet unavailable)
rElec    +         Reflect  .   (no cloak)
rCorr    +         Harm     .   j - +0 pair of gloves {Dex+3}
MR       +++..     NoCast   +   (no boots)
Stlth    ..........             b - amulet of Untruth {rElec rC+ Regen+ Str+5 Dex-3}
HPRegen  0.67/turn              h - ring of Phasing {EV+8}
MPRegen  0.18/turn              y - +6 ring of dexterity

@: studying 3 skills
A: permanent stasis, dig shafts and tunnels, four strong arms, antennae 3
a: Dig, Minor Destruction, Lesser Servant of Makhleb, Major Destruction, Greater
Servant of Makhleb, Renounce Religion


You were in the Dungeon.
You worshipped Makhleb.
Makhleb was exalted by your worship.
You were not hungry.

You visited 1 branch

Inventory:

Hand Weapons
 c - the +7 long sword "Wauggin" {chaos, +Blink Int+3}
   (You found it in the Dungeon)

   Each time it hits an enemy it has a different, random effect.
   It affects your intelligence (+3).
   It lets you blink.
 C - the cursed +2 rapier of Paurph {pierce, *Drain Dex+7 Stlth-}
   (You found it in the Dungeon)

   It inflicts extra damage upon your enemies.
   It affects your dexterity (+7).
   It causes draining when unequipped.
   It makes you less stealthy.
   It has a curse placed upon it.
 G - the +6 dagger of Beogh's Vengeance {drain, rN+}
   (You found it in the Dungeon)

   A truly terrible weapon, it drains the life of those it strikes.
   It protects you from negative energy.
 H - the +10 dark maul (weapon) {crush}
   (You found it in the Dungeon)

   It inflicts extra damage upon your enemies.
 L - the +7 great mace "Firestarter" {inner flame, rF++}
   (You found it in the Dungeon)

   It has been specially enchanted to burn those struck by it, causing extra
   injury to most foes and up to half again as much damage against particularly
   susceptible opponents.
   It greatly protects you from fire.
 M - the +6 shillelagh "Devastator" {shatter}
   (You found it in the Dungeon)
 S - the +7 mace of Variability {chain chaos}
   (You found it in the Dungeon)

   Each time it hits an enemy it has a different, random effect.
Armour
 j - a +0 pair of gloves of dexterity (worn)
 A - the cursed +0 pair of boots of the Catfish {-Cast Int+6}
   (You found it in the Dungeon)

   It affects your intelligence (+6).
   It prevents spellcasting.
   It has a curse placed upon it.
 I - the +15 Maxwell's patent armour (worn) {-Cast -Tele rElec MR+ rCorr}
   (You found it in the Dungeon)

   It insulates you from electricity.
   It affects your resistance to hostile enchantments.
   It prevents spellcasting.
   It prevents most forms of teleportation.
   It provides partial protection from all sources of acid and corrosion.
 J - the +18 shield of the Gong (worn) {rElec rN+ MR+ EV-5}
   (You found it in the Dungeon)

   It affects your evasion (-5).
   It insulates you from electricity.
   It protects you from negative energy.
   It affects your resistance to hostile enchantments.
 Y - the +2 shield of Resistance {rF+ rC+ MR+}
   (You found it in the Dungeon)

   It protects you from fire.
   It protects you from cold.
   It affects your resistance to hostile enchantments.
Jewellery
 b - the amulet of Untruth (around neck) {rElec rC+ Regen+ Str+5 Dex-3}
   (You found it in the Dungeon)

   [amulet of regeneration]

   It affects your strength (+5).
   It affects your dexterity (-3).
   It protects you from cold.
   It insulates you from electricity.
   It increases your rate of regeneration.
 h - the ring of Phasing (left hand) {EV+8}
   (You found it in the Dungeon)

   [ring of evasion]

   It affects your evasion (+8).
 o - the ring of Edunuox {*Contam rPois rC+ Int+3}
   (You found it in the Dungeon)

   [ring of poison resistance]

   It affects your intelligence (+3).
   It protects you from cold.
   It protects you from poison.
   It causes magical contamination when unequipped.
 y - a +6 ring of dexterity (right hand)
 z - the ring "Ziymnij" {rF+ Str+3}
   (You found it in the Dungeon)

   [ring of protection from fire]

   It affects your strength (+3).
   It protects you from fire.
 F - an uncursed ring of wizardry
 X - the ring of the Turtledove {*Contam rC+++ Int-2 SInv Stlth+}
   (You found it in the Dungeon)

   [ring of see invisible]

   It affects your intelligence (-2).
   It renders you almost immune to cold.
   It lets you see invisible.
   It causes magical contamination when unequipped.
   It makes you more stealthy.
Wands
 v - a wand of disintegration (6)
 w - a wand of iceblast (2)
 x - a wand of acid (7)
Scrolls
 q - 4 scrolls of amnesia
 r - 7 scrolls of fog
 s - 5 scrolls of identify
 t - 5 scrolls of remove curse
 u - 2 scrolls of fear
 W - 4 scrolls of enchant armour
Potions
 d - 6 potions of might
 e - 10 potions of curing
 g - 11 potions of heal wounds
 i - 7 potions of magic
 m - 2 potions of invisibility
 n - 4 potions of resistance
 p - 6 potions of agility
Books
 a - a manual of Ice Magic
 l - a manual of Summonings
 D - a manual of Shields
Miscellaneous
 k - a phial of floods
 E - a lightning rod (4/4)
Comestibles
 f - 7 rations {!d}
 B - 10 chunks of flesh


   Skills:
 + Level 13.6 Fighting
 * Level 17.6 Maces & Flails
 + Level 14.2 Armour
 + Level 11.3 Dodging
 - Level 10.9 Shields
 + Level 14.3 Invocations


You had 11 spell levels left.
You didn't know any spells.
Your spell library contained the following spells:

 Spells                   Type           Power        Failure   Level  Hunger
 Flame Tongue             Conj/Fire      #....        96%         1    ##.....
 Throw Frost              Conj/Ice       #.....       99%         2    ###....
 Call Canine Familiar     Summ           #.......     100%        3    ####...
 Fulminant Prism          Conj/Hex       #.........   100%        4    #####..
 Ice Form                 Ice/Tmut       #.......     100%        4    #####..
 Agony                    Necr           #.......     100%        5    ######.
 Metabolic Englaciation   Hex/Ice        #.........   100%        5    ######.
 Piercing Shot            Chrm           #.........   100%        5    ######.
 Summon Lightning Spire   Summ/Air       #.......     100%        5    ######.
 Summon Mana Viper        Hex/Summ       #.......     100%        5    ######.
 Venom Bolt               Conj/Pois      #.........   100%        5    ######.
 Iron Shot                Conj/Erth      #.........   100%        6    #######
 Mana Rupture             Conj/Hex       #.........   100%        7    #######


Dungeon Overview and Level Annotations

Branches:
Dungeon (1/1)

Altars:
Ashenzari
Cheibriados
Dithmenos
Elyvilon
Fedhas
Gozag
Hepliaklqana
Kikubaaqudgha
Lugonu
Makhleb
Nemelex Xobeh
Okawaru
Qazlal
Ru
Sif Muna
Trog
Uskayaw
Vehumet
Wu Jian
Xom
Yredelemnul
Zin
The Shining One
Beogh
Jiyva

Annotations:
D 1 transporter


Innate Abilities, Weirdness & Mutations

You cannot be hasted, slowed, berserked, paralysed or teleported.
You can dig through walls and to a lower floor.
Your four strong arms can wield two-handed weapons with a shield.
You have a pair of large antennae on your head. (SInv)


Message History

You sock the fire giant!
The fire giant is severely wounded.
The hell hound bites you but does no damage.
The fire elemental misses you. You block the hell hound's attack.
BONNNG!
You block the fire elemental's attack.
BONNNG!
The efreet completely misses you. You block the hell hound's attack.
BONNNG!
The fire elemental hits you. The hell hound barely misses you.
The fire giant hits you with a +2 great sword of flaming!
* * * LOW HITPOINT WARNING * * *
The fire giant burns you.
* * * LOW HITPOINT WARNING * * *
The efreet gestures at you.
The fireball explodes!
The fireball engulfs the fire giant.
The fire giant resists.
The fireball engulfs the fire elemental.
The fire elemental completely resists.
The fireball engulfs you!
You die...

▓▓▓▓▓▓▓▓▓
▓....8©8....▓▓.8©8.▓.8
▓..):=[|)...▓▓.|[}.▓..
▓..:?})|)[..▓▓..|..▓..
▓...........▓▓.....▓..
▓...........▓▓.....▓..
▓....RRR....▓▓.....▓..
▓...REhR....▓▓..©..▓..
▓E@CE.▓ ▓▓▓▓▓▓▓▓▓▓
▓▓.h.▓▓ ▓..8©8...▓
▓..▓.....▓..▓..}.:...▓
▓.....©.....▓..)))...▓
▓▓▓▓▓▓▓▓▓▓▓▓▓...)....▓
▓....8©8....▓........▓
▓..|[)}..[..▓.▓....▓.▓
▓...}:.:.}..▓...©....▓
▓...........▓▓▓▓▓▓▓▓▓▓


You could see a fire giant, 5 efreet, 3 fire elementals and 2 hell hounds.

Vanquished Creatures
  A tentacled starspawn (D)
  An acid blob (D)
  An azure jelly (D)
  A stone giant (D)
  A fire dragon (D)
  4 two-headed ogres (D)
  A hell hog (D)
  2 soul eaters (D)
  3 cyclopes (D)
  2 orc knights (D)
  A moth of wrath (D)
  A shining eye (D)
  A naga mage (D)
  A black mamba (D)
  2 ancient zymes (D)
  3 trolls (D)
  3 slime creatures (D)
  A raiju (D)
  An air elemental (D)
  2 golden eyes (D)
  An insubstantial wisp (D)
  A water moccasin (D)
  A floating eye (D)
  3 orc warriors (D)
  A wolf (D)
  2 bullfrogs (D)
  2 crimson imps (D)
  2 quasits (D)
  3 orc wizards (D)
  5 orc priests (D)
  3 jellies (D)
  An iguana (D)
  3 iron imps (D)
  2 river rats (D)
  5 shadow imps (D)
  2 white imps (D)
  4 ufetubi (D)
  An ooze (D)
  5 orcs (D)
  A bat skeleton (D)
  A bat zombie (D)
  A jackal (D)
  3 ball pythons (D)
  A giant cockroach zombie (D)
  3 leopard gecko skeletons (D)
  A quokka skeleton (D)
  A spectral giant cockroach (D)
  A spectral leopard gecko (D)
  A spectral quokka (D)
  A starspawn tentacle (D)
95 creatures vanquished.

Vanquished Creatures (collateral kills)
  An orc knight (D)
  A troll (D)
  2 slime creatures (D)
  An orc warrior (D)
5 creatures vanquished.

Vanquished Creatures (others)
  An insubstantial wisp (D)
  3 starspawn tentacles (D)
4 creatures vanquished.

Grand Total: 104 creatures vanquished

Notes
Turn   | Place    | Note
-------+----------+-------------------------------------------
     0 | D        | Freyura the Formicid Fighter began the quest for the Orb.
     0 | D        | Reached XP level 1. HP: 18/18 MP: 1/1
     0 | D        | Found a shimmering blue altar of Sif Muna.
     0 | D        | Found a bloodstained altar of Trog.
     0 | D        | Found a sacrificial altar of Ru.
     0 | D        | Found a stormy altar of Qazlal.
     0 | D        | Found an iron altar of Okawaru.
     1 | D        | Found a sparkling altar of Nemelex Xobeh.
     1 | D        | Found a blossoming altar of Fedhas.
     2 | D        | Found the +6 Majin-Bo {vamp, *Drain Str+12 Int+24}
     2 | D        | Found the +7 great mace "Firestarter" {inner flame, rF++}
     3 | D        | Found a transporter.
     3 | D        | Found an ancient bone altar of Kikubaaqudgha.
     3 | D        | Found a viscous altar of Jiyva.
     3 | D        | Found a corrupted altar of Lugonu.
     3 | D        | Found a hazy altar of Hepliaklqana.
     3 | D        | Found a burning altar of Makhleb.
     3 | D        | Found an opulent altar of Gozag.
    22 | D        | Found the +9 heavy crossbow "Sniper" {velocity, Acc+∞ SInv}
    22 | D        | Found the +10 dark maul {crush}
    22 | D        | Found the +15 Maxwell's patent armour {-Cast -Tele rElec
                  | MR+ rCorr}
    22 | D        | Found the +18 shield of the Gong {rElec rN+ MR+ EV-5}
    22 | D        | Found the cursed +14 obsidian axe {chop, +Fly SInv *Curse}
    24 | D        | Found the +6 shillelagh "Devastator" {shatter}
    24 | D        | Found the +11 plutonium sword {*Contam Stlth-}
    24 | D        | Found the +8 lance "Wyrmbane" {slay drac, rPois rF+ rC+
                  | AC+3}
    24 | D        | Found the +9 sword of Zonguldrok {reap}
    24 | D        | Found the cursed +13 scythe of Curses {drain, *Curse}
    24 | D        | Found the +0 sword of Power
    24 | D        | Found the +7 mace of Variability {chain chaos}
    24 | D        | Found the +7 Singing Sword {slice, sonic wave}
    24 | D        | Found the +7 longbow "Piercer" {penet, EV-2}
    48 | D        | Reached skill level 6 in Maces & Flails
    48 | D        | Reached skill level 5 in Armour
    48 | D        | Reached XP level 2. HP: 24/24 MP: 2/2
    54 | D        | Became a worshipper of Makhleb the Destroyer
    65 | D        | Entered arena 2.
    65 | D        | Noticed a wolf
    65 | D        | Found a transporter.
    67 | D        | Killed a wolf
    67 | D        | Reached skill level 7 in Maces & Flails
    67 | D        | Reached XP level 3. HP: 30/30 MP: 2/4
    67 | D        | Reached XP level 4. HP: 37/37 MP: 2/5
    71 | D        | Reached skill level 5 in Shields
    71 | D        | Reached XP level 5. HP: 37/43 MP: 2/7
   106 | D        | Entered arena 3.
   106 | D        | Noticed an insubstantial wisp
   106 | D        | Noticed an air elemental
   106 | D        | Noticed an insubstantial wisp
   106 | D        | Found a transporter.
   109 | D        | Killed an insubstantial wisp
   109 | D        | Reached * piety under Makhleb
   109 | D        | Killed an insubstantial wisp
   123 | D        | Killed an air elemental
   123 | D        | Reached skill level 5 in Fighting
   123 | D        | Reached skill level 8 in Maces & Flails
   123 | D        | Reached XP level 6. HP: 15/52 MP: 7/9
   129 | D        | Got the ring of Edunuox {*Contam rPois rC+ Int+3}
   132 | D        | Entered arena 4.
   132 | D        | Noticed a golden eye
   132 | D        | Found a transporter.
   133 | D        | Killed a golden eye
   133 | D        | Reached skill level 9 in Maces & Flails
   133 | D        | Reached skill level 5 in Invocations
   133 | D        | Reached XP level 7. HP: 50/58 MP: 8/11
   133 | D        | Reached ** piety under Makhleb
   147 | D        | Entered arena 5.
   147 | D        | Found a transporter.
   148 | D        | Reached *** piety under Makhleb
   155 | D        | Got the cursed +2 hand crossbow of Inquiry {penet, rF+}
   157 | D        | Entered arena 6.
   157 | D        | Found a transporter.
   162 | D        | Reached skill level 10 in Maces & Flails
   163 | D        | Reached **** piety under Makhleb
   164 | D        | Reached XP level 8. HP: 67/67 MP: 12/12
   182 | D        | Entered arena 7.
   182 | D        | Noticed a naga mage
   182 | D        | Noticed a black mamba
   193 | D        | Reached ***** piety under Makhleb
   193 | D        | Reached skill level 5 in Dodging
   193 | D        | Killed a black mamba
   194 | D        | Found a transporter.
   199 | D        | Killed a naga mage
   199 | D        | Reached skill level 11 in Maces & Flails
   199 | D        | Reached XP level 9. HP: 55/74 MP: 12/14
   207 | D        | Got the ring of the Turtledove {*Contam rC+++ Int-2 SInv
                  | Stlth+}
   282 | D        | Entered arena 8.
   282 | D        | Noticed a tentacled starspawn
   283 | D        | Found a transporter.
   287 | D        | Reached ****** piety under Makhleb
   289 | D        | Killed a tentacled starspawn
   289 | D        | Reached skill level 12 in Maces & Flails
   289 | D        | Reached skill level 10 in Armour
   289 | D        | Reached skill level 10 in Shields
   289 | D        | Reached XP level 10. HP: 83/83 MP: 14/17
   293 | D        | Got the +5 short sword "Toloc" {pierce, Dex+3}
   313 | D        | Entered arena 9.
   314 | D        | Found a transporter.
   343 | D        | Entered arena 10.
   344 | D        | Identified the +9 spear of Offence {antimagic, rC+ rN+
                  | Int+4 Stlth-}
   346 | D        | Found a transporter.
   357 | D        | Reached skill level 13 in Maces & Flails
   372 | D        | Entered arena 11.
   373 | D        | Found the ring of Phasing {EV+8}
   373 | D        | Found a transporter.
   380 | D        | Reached skill level 10 in Invocations
   381 | D        | Reached skill level 10 in Fighting
   413 | D        | Entered arena 12.
   413 | D        | Noticed a cyclops
   413 | D        | Noticed a two-headed ogre
   413 | D        | Noticed a stone giant
   413 | D        | Noticed a two-headed ogre
   413 | D        | Noticed a two-headed ogre
   413 | D        | Noticed a two-headed ogre
   413 | D        | Noticed a cyclops
   414 | D        | Found the +2 shield of Resistance {rF+ rC+ MR+}
   415 | D        | Noticed a cyclops
   424 | D        | Killed a two-headed ogre
   425 | D        | Killed a two-headed ogre
   425 | D        | Reached skill level 14 in Maces & Flails
   425 | D        | Reached XP level 11. HP: 92/92 MP: 17/19
   426 | D        | Killed a two-headed ogre
   428 | D        | Killed a two-headed ogre
   430 | D        | Killed a cyclops
   431 | D        | Killed a stone giant
   431 | D        | Killed a cyclops
   431 | D        | Reached skill level 15 in Maces & Flails
   433 | D        | Killed a cyclops
   434 | D        | Found a transporter.
   445 | D        | Got the cursed +3 rapier of the Blessed Realm {pierce, rC++
                  | Dex+2}
   448 | D        | Got the cursed +0 pair of boots of the Catfish {-Cast
                  | Int+6}
   456 | D        | Got Remeasoa's Sophisticated Rites and Rhymes
   483 | D        | Got the amulet of Untruth {rElec rC+ Regen+ Str+5 Dex-3}
   486 | D        | Entered arena 13.
   486 | D        | Noticed a moth of wrath
   486 | D        | Noticed an orc knight
   486 | D        | Noticed an orc knight
   486 | D        | Noticed an orc knight
   487 | D        | Noticed an Executioner
   494 | D        | Killed a moth of wrath
   495 | D        | Killed an orc knight
   501 | D        | Reached skill level 10 in Dodging
   502 | D        | Killed an orc knight
   502 | D        | Reached XP level 12. HP: 70/102 MP: 21/21
   504 | D        | Found a transporter.
   509 | D        | Reached skill level 16 in Maces & Flails
   623 | D        | Got the +7 long sword "Wauggin" {chaos, +Blink Int+3}
   656 | D        | Entered arena 14.
   657 | D        | Noticed a soul eater
   658 | D        | Noticed a soul eater
   660 | D        | Found a transporter.
   665 | D        | Killed a soul eater
   671 | D        | Killed a soul eater
   685 | D        | Got the Disquisition on the Icy Mountains
   688 | D        | Got the ring "Ziymnij" {rF+ Str+3}
   690 | D        | Got the cursed +2 rapier of Paurph {pierce, *Drain Dex+7
                  | Stlth-}
   694 | D        | Entered arena 15.
   695 | D        | Noticed an azure jelly
   695 | D        | Noticed an acid blob
   698 | D        | Found a transporter.
   700 | D        | Killed an azure jelly
   704 | D        | Killed an acid blob
   704 | D        | Reached skill level 17 in Maces & Flails
   718 | D        | Got Vaeck's Guide on the Excruciating Entourage
   720 | D        | Got the +6 dagger of Beogh's Vengeance {drain, rN+}
   725 | D        | Entered arena 16.
   729 | D        | Noticed a hell hog
   729 | D        | Noticed a fire giant
   729 | D        | Noticed a fire dragon
   732 | D        | Found a transporter.
   734 | D        | Killed a hell hog
   735 | D        | Killed a fire dragon
   739 | D        | Killed from afar by an efreet

Skill      XL: |  1  2  3  4  5  6  7  8  9 10 11 12 |
---------------+-------------------------------------+-----
Maces & Flails | 6 7 8 9 10 11 12 14 15 17 | 17.6
Armour         | 5 6 7 8 9 10 11 13 14 | 14.2
Fighting       | 4 5 6 7 8 9 10 12 13 | 13.6
Dodging        | 2 3 4 6 7 8 10 11 | 11.3
Shields        | 4 5 6 7 9 10 | 10.9
Invocations    | 2 3 4 5 6 7 9 11 12 14 | 14.3

Action                   |  1- 3 |  4- 6 |  7- 9 | 10-12 || total
-------------------------+-------+-------+-------+-------++-------
Melee: Great mace        |     1 |    19 |    22 |    85 ||   127
       Maul              |       |       |       |     5 ||     5
Invok: Greater Servant o |       |       |       |     3 ||     3
Evoke: Wand              |       |       |     4 |     2 ||     6
  Use: Potion            |     1 |     1 |       |     2 ||     4
 Stab: Distracted        |       |       |       |     1 ||     1
Armor: Plate armour      |       |     8 |    10 |    68 ||    86
Dodge: Dodged            |       |     1 |     1 |    65 ||    67
Block: Shield            |     1 |    42 |    47 |   198 ||   288
